 Dungeon Crawl Stone Soup version 0.31-a0-1476-g8a4046af8c (webtiles) character file.

Game seed: 17501020910501525871

15673541 klunsen the Middleweight Champion (level 27, 273/273 HPs)
             Began as a Ghoul Monk on Dec 26, 2023.
             Was the Champion of Ru.
             Escaped with the Orb
             ... and 15 runes on Dec 29, 2023!
             The game lasted 06:39:17 (99893 turns).

klunsen the Middleweight Champion (Ghoul Monk)     Turns: 99893, Time: 06:39:18

Health: 273/273    AC: 49    Str: 36    XL:     27
Magic:  46/46      EV: 20    Int:  9    God:    Ru [******]
Gold:   7614       SH: 41    Dex: 14    Spells: 74/74 levels left

rFire   + .          .
                       - Unarmed
rCold   + + +        R - +8 tower shield {reflect}
rNeg    + + +        t - +3 crystal plate armour of the Fife {rElec Str+7 Dex+3}
rPois   ∞            j - -1 helmet "Ucwaoto" {-Cast rC+ Will++ Slay+4}
rElec   +            S - +0 cloak of the Centipede {rF+}
rCorr   .            (no gloves)
SInv    .            V - +2 pair of boots of Locan {Rampage Will+ Stlth+}
Will    +++++        u - brooch of Shielding {Spirit SH+8} Stlth
                     F - ring "Lel Rus" {rPois rC+ Will+ Slay+3}
HPRegen 0.65/turn    o - ring of the Tortoise {AC+8}
MPRegen 0.30/turn

%: no spellcasting, reflection, guardian spirit, rampage
@: studying 3 skills
A: claws 1, cold resistance 1, low MP 1, negative energy resistance 3, inhibited
regeneration, torment resistance 2, no potion heal 1, no stealth, inability to
use devices, hated by all, no conjurations magic, no ice magic, no alchemy
magic, weak-willed 1, devour on kill
0: Orb of Zot
}: 15/15 runes: serpentine, barnacled, slimy, silver, golden, iron, obsidian,
icy, bone, abyssal, demonic, glowing, magical, fiery, dark
a: Renounce Religion, Draw Out Power, Power Leap, Apocalypse


You escaped.
You worshipped Ru.
Ru was exalted by your worship.
You visited 17 branches of the dungeon, and saw 86 of its levels.
You visited Pandemonium 1 time, and saw 22 of its levels.
You visited the Abyss 1 time.
You also visited: Ossuary, Ice Cave and Wizlab.

You collected 14522 gold pieces.
You spent 6908 gold pieces at shops.

Inventory:

Armour
 f - the +3 crown of Dyrovepreva {rElec Int+2 SInv}
   (You found it on level 7 of the Iron City of Dis)

   Int+2:     It affects your intelligence (+2).
   rElec:     It insulates you from electricity.
   SInv:      It lets you see invisible.
 j - the -1 helmet "Ucwaoto" (worn) {-Cast rC+ Will++ Slay+4}
   (You found it on level 1 of the Vaults)

   Slay+4:    It affects your accuracy & damage with ranged weapons and melee
   (+4).
   rC+:       It protects you from cold.
   Will++:    It greatly increases your willpower.
   -Cast:     It prevents spellcasting.
 t - the +3 crystal plate armour of the Fife (worn) {rElec Str+7 Dex+3}
   (You bought it in a shop on level 1 of the Elven Halls)

   Str+7:     It affects your strength (+7).
   Dex+3:     It affects your dexterity (+3).
   rElec:     It insulates you from electricity.
 J - +6 gold dragon scales
 M - a +2 tower shield
 R - a +8 tower shield of reflection (worn)
 S - the +0 cloak of the Centipede (worn) {rF+}
   (You bought it in a shop on level 1 of the Elven Halls)

   rF+:       It protects you from fire.
 V - the +2 pair of boots of Locan (worn) {Rampage Will+ Stlth+}
   (You bought it in a shop on level 1 of the Shoals)

   Will+:     It increases your willpower.
   Rampage:   It bestows one free step when moving towards enemies.
   Stlth+:    It makes you more stealthy.
 Y - a +2 cloak of preservation
Jewellery
 a - the ring "Jokhoy Monne" {Str+6 Int+7 Dex+3}
   (You took it off a balrug on level 7 of Gehenna)

   [ring of strength]

   Str+6:     It affects your strength (+6).
   Int+7:     It affects your intelligence (+7).
   Dex+3:     It affects your dexterity (+3).
 c - the amulet "Zemumn" {Harm Regen+ rCorr Int+3}
   (You took it off Antaeus on level 7 of Cocytus)

   [amulet of regeneration]

   Int+3:     It affects your intelligence (+3).
   Regen+:    It increases your rate of health regeneration.
   rCorr:     It protects you from acid and corrosion.
   Harm:      It increases damage dealt and taken.
 i - the ring of Qoxethit {rPois Will++ rCorr Dex-4}
   (You found it on level 5 of the Vaults)

   [ring of poison resistance]

   Dex-4:     It affects your dexterity (-4).
   rPois:     It protects you from poison Will++: It greatly increases your
   willpower.
   rCorr:     It protects you from acid and corrosion.
 n - the amulet "Lakhic" {Reflect rElec SH+5}
   (You bought it in a shop on level 6 of the Dungeon)

   [amulet of reflection]

   Reflect:   It reflects blocked missile attacks.
   rElec:     It insulates you from electricity.
   SH+5:      It affects your SH (+5).
 o - the ring of the Tortoise (right claw) {AC+8}
   (You bought it in a shop on level 6 of the Dungeon)

   [ring of protection]

   AC+8:      It affects your AC (+8).
 u - the brooch of Shielding (around neck) {Spirit SH+8}
   (You found it on level 5 of the Vaults)

   [amulet of guardian spirit]

   Spirit:    It causes incoming damage to be divided between your reserves of
   health and magic.
   SH+8:      It affects your SH (+8).
 B - the ring of the Hare {EV+10}
   (You took it off Ereshkigal on level 7 of Tartarus)

   [ring of evasion]

   EV+10:     It affects your evasion (+10).
 C - the amulet of Crawling {Reflect Will+ Slay+2 SH+5}
   (You found it in Pandemonium)

   [amulet of reflection]

   Reflect:   It reflects blocked missile attacks.
   Slay+2:    It affects your accuracy & damage with ranged weapons and melee
   (+2).
   Will+:     It increases your willpower.
   SH+5:      It affects your SH (+5).
 F - the ring "Lel Rus" (left claw) {rPois rC+ Will+ Slay+3}
   (You found it on level 3 of the Depths)

   [ring of willpower]

   Slay+3:    It affects your accuracy & damage with ranged weapons and melee
   (+3).
   rC+:       It protects you from cold.
   rPois:     It protects you from poison Will+: It increases your willpower.
 K - the ring of Cavof {AC+4 Dex+2 Slay+2}
   (You took it off a merfolk on level 4 of the Shoals)

   [ring of protection]

   AC+4:      It affects your AC (+4).
   Dex+2:     It affects your dexterity (+2).
   Slay+2:    It affects your accuracy & damage with ranged weapons and melee
   (+2).
 N - a +4 ring of protection
 P - the ring of Olusaduw {rElec rF+ rN+ Int+3 Stlth-}
   (You took it off an ancient champion on level 3 of the Crypt)

   [ring of positive energy]

   Int+3:     It affects your intelligence (+3).
   rF+:       It protects you from fire.
   rElec:     It insulates you from electricity.
   rN+:       It protects you from negative energy.
   Stlth-:    It makes you less stealthy.
 U - the ring "Addas" {+Blink rCorr AC+4}
   (You found it on level 3 of the Tomb of the Ancients)

   [ring of protection]

   AC+4:      It affects your AC (+4).
   +Blink:    It lets you blink.
   rCorr:     It protects you from acid and corrosion.
 X - a +5 ring of evasion
 Z - the ring "Keiskufu" {Fire +Blink Will- Str-4 Stlth+}
   (You found it on level 3 of the Tomb of the Ancients)

   [ring of fire]

   Fire:      It enhances your fire magic.
   Str-4:     It affects your strength (-4).
   rF+:       It protects you from fire.
   rC-:       It makes you vulnerable to cold.
   Will-:     It decreases your willpower.
   +Blink:    It lets you blink.
   Stlth+:    It makes you more stealthy.
Scrolls
 g - 7 scrolls of immolation
 h - 9 scrolls of fog
 k - 13 scrolls of poison
 l - 7 scrolls of silence
 p - 7 scrolls of torment
 q - 18 scrolls of teleportation
 v - 6 scrolls of enchant armour
 w - 10 scrolls of blinking
 x - 16 scrolls of enchant weapon
 y - 3 scrolls of revelation
 E - 7 scrolls of vulnerability
 G - 8 scrolls of amnesia
 H - 37 scrolls of identify
 O - 7 scrolls of fear
 W - 6 scrolls of brand weapon
Potions
 b - 10 potions of ambrosia
 e - 30 potions of curing
 m - 11 potions of attraction
 r - 2 potions of might
 s - 8 potions of resistance
 z - a potion of haste
 A - 11 potions of enlightenment
 D - 14 potions of lignification
 I - 3 potions of invisibility
 L - 7 potions of brilliance
 Q - 2 potions of magic
 T - 5 potions of heal wounds
Miscellaneous
 d - a figurine of a ziggurat


   Skills:
 O Level 27 Fighting
 O Level 27 Armour
 O Level 27 Dodging
 O Level 27 Shields
 O Level 27 Unarmed Combat
 + Level 24.3 Spellcasting


You had 74 spell levels left.
You didn't know any spells.
Your spell library contained the following spells:

 Spells                   Type           Power      Damage    Failure   Level
 Apportation              Tloc           20%        N/A       14%         1
 Necrotise                Necr           40%        1d6       14%         1
 Sandblast                Erth           20%        2d7       14%         1
 Slow                     Hex            40%        N/A       14%         1
 Blink                    Tloc           20%        N/A       22%         2
 Jinxbite                 Hex            20%        N/A       22%         2
 Lesser Beckoning         Tloc           20%        N/A       22%         2
 Scorch                   Fire           20%        2d5       22%         2
 Confusing Touch          Hex            10%        N/A       38%         3
 Fugue of the Fallen      Necr           10%        N/A       38%         3
 Gell's Gravitas          Tloc           10%        N/A       38%         3
 Inner Flame              Hex/Fire       10%        N/A       38%         3
 Passwall                 Erth           10%        N/A       38%         3
 Sigil of Binding         Hex            10%        N/A       38%         3
 Swiftness                Air            10%        N/A       38%         3
 Teleport Other           Tloc           10%        N/A       38%         3
 Vampiric Draining        Necr           10%        2d6       38%         3
 Volatile Blastmotes      Fire/Tloc      20%        2d11      38%         3
 Airstrike                Air            5%         2d(1-17)  80%         4
 Anguish                  Hex/Necr       5%         N/A       80%         4
 Cause Fear               Hex            5%         N/A       80%         4
 Dimensional Bullseye     Hex/Tloc       5%         N/A       80%         4
 Dispel Undead            Necr           10%        3d9       80%         4
 Manifold Assault         Tloc           10%        N/A       80%         4
 Passage of Golubria      Tloc           10%        N/A       80%         4
 Vhi's Electric Charge    Tloc/Air       20%        N/A       80%         4
 Borgnjor's Vile Clutch   Necr/Erth      5%         N/A       98%         5
 Curse of Agony           Necr           10%        N/A       98%         5
 Lee's Rapid Deconstruct  Erth           5%         3d6*      98%         5
 Silence                  Hex/Air        5%         N/A       98%         5
 Plasma Beam              Fire/Air       5%         2x1d15    100%        6
 Enfeeble                 Hex            5%         N/A       100%        7
 Discord                  Hex            5%         N/A       100%        8
 Disjunction              Tloc           5%         N/A       100%        8
 Ignition                 Fire           5%         3d4       100%        8
 Shatter                  Erth           5%         3d8*      100%        9
 Foxfire                  Conj/Fire      Unusable   2x1d6     N/A         1
 Kiss of Death            Conj/Necr      Unusable   2d8       N/A         1
 Magic Dart               Conj           Unusable   1d5       N/A         1
 Shock                    Conj/Air       Unusable   1d5       N/A         1
 Sting                    Conj/Alch      Unusable   1d5       N/A         1
 Summon Small Mammal      Summ           Unusable   N/A       N/A         1
 Call Imp                 Summ           Unusable   N/A       N/A         2
 Cigotuvi's Dreadful Rot  Necr/Alch/Air  Unusable   N/A       N/A         2
 Ensorcelled Hibernation  Hex/Ice        Unusable   N/A       N/A         2
 Mercury Vapours          Alch/Air       Unusable   N/A       N/A         2
 Call Canine Familiar     Summ           Unusable   N/A       N/A         3
 Dazzling Flash           Conj/Hex       Unusable   N/A       N/A         3
 Mephitic Cloud           Conj/Alch/Air  Unusable   N/A       N/A         3
 Ozocubu's Armour         Ice            Unusable   N/A       N/A         3
 Tukima's Dance           Hex            Unusable   N/A       N/A         3
 Animate Dead             Necr           Unusable   N/A       N/A         4
 Flame Wave               Conj/Fire      Unusable   2d6       N/A         4
 Fulminant Prism          Conj/Alch      Unusable   3d7       N/A         4
 Ignite Poison            Fire/Alch      Unusable   N/A       N/A         4
 Iskenderun's Mystic Bla  Conj/Tloc      Unusable   2d4       N/A         4
 Leda's Liquefaction      Alch/Erth      Unusable   N/A       N/A         4
 Martyr's Knell           Necr/Summ      Unusable   N/A       N/A         4
 Sticky Flame             Fire/Alch      Unusable   2d5       N/A         4
 Summon Blazeheart Golem  Fire/Summ      Unusable   N/A       N/A         4
 Alistair's Intoxication  Alch           Unusable   N/A       N/A         5
 Arcjolt                  Conj/Air       Unusable   1d15      N/A         5
 Freezing Cloud           Conj/Ice/Air   Unusable   6-21      N/A         5
 Irradiate                Conj/Alch      Unusable   3d13      N/A         5
 Yara's Violent Unravell  Hex/Alch       Unusable   3d4       N/A         5
 Bombard                  Conj/Erth      Unusable   9d2       N/A         6
 Conjure Ball Lightning   Conj/Air       Unusable   3x3d6     N/A         6
 Death Channel            Necr           Unusable   N/A       N/A         6
 Starburst                Conj/Fire      Unusable   6d4       N/A         6
 Lehudib's Crystal Spear  Conj/Erth      Unusable   10d3      N/A         8
 Chain Lightning          Conj/Air       Unusable   3d6       N/A         9
 Fire Storm               Conj/Fire      Unusable   8d1       N/A         9

Dungeon Overview and Level Annotations

Branches:
Dungeon (15/15)            Temple (0/1) D:7            Lair (5/5) D:9
 Shoals (4/4) Lair:3        Snake (4/4) Lair:3        Slime (5/5) Lair:4
    Orc (2/2) D:9             Elf (3/3) Orc:2        Vaults (5/5) D:13
  Crypt (3/3) Vaults:2       Tomb (3/3) Crypt:3      Depths (4/4) D:15
   Hell (visited)             Dis (7/7) Hell            Geh (7/7) Hell
    Coc (7/7) Hell            Tar (7/7) Hell            Zot (5/5) Depths:4
Ossuary (visited)           IceCv (visited)          WizLab (visited)

Altars:
Ashenzari
Gozag
Kikubaaqudgha
Nemelex Xobeh
Qazlal
Ru
Sif Muna
Trog
Uskayaw
Xom

Shops:
D:2 *   D:6 =*   D:9 [   D:12 *   Orc:2 ![[([   Elf:1 [*   Shoals:1 *[*:?
Shoals:4 [[*?:   Snake:1 (:(*   Snake:2 *   Snake:3 *   Snake:4 ==:
Vaults:3 [

Portals:
Hell: Depths:1 Depths:2 Depths:3 Depths:4
Abyss: Depths:3
Pandemonium: Depths:2 Depths:3
Ziggurat: Depths:3

Annotations:
D:15 1 runed translucent door, Sacsyrch's ghost, journeyman DrMo
Snake:2 3 runed translucent doors, exclusion: obsidian statue, Omecili's ghost, journeyman DsNe
Elf:3 2 transporters, jotaen's ghost, adept MiFi
Depths:1 2 transporters, Puenacho's ghost, adept DECj
Depths:3 1 runed translucent door, Pewaar's ghost, journeyman DsNe
Zot:4 2 transporters
Zot:5 4 exclusions


Innate Abilities, Weirdness & Mutations

You are immune to poison.
You have sharp fingernails.
Your flesh is cold resistant. (rC+)
Your magical capacity is low. (-10% MP)
You are immune to negative energy. (rN+++)
You do not regenerate when monsters are visible.
You are immune to unholy pain and torment.
Potions are less effective at restoring your health.
You cannot be stealthy.
You cannot study or use magical devices.
You are hated by all.
You cannot study or cast Conjurations magic.
You cannot study or cast Ice magic.
You cannot study or cast Alchemy magic.
You are slightly weak-willed. (Will-)
You thrive by killing the living.


Message History

There is a stone staircase leading down here.
There is a stone staircase leading down here.
An Ice Fiend comes into view.
You can't go up here!
There is an escape hatch in the ceiling here.
A mysterious force pulls you upwards. The hatch slams shut behind you.
Your extra speed is starting to run out.
There is a stone staircase leading up here.
You climb upwards.
There is a stone staircase leading down here.
You feel yourself slow down.
There is an open door, spattered with blood here.
There is an open door here.
An Executioner comes into view.
There is a stone staircase leading up here.
You climb upwards.
There is a stone staircase leading down here.
A cacodemon comes into view.
You see here a +0 club.
A sixfirhy comes into view.
You redirect the cacodemon's attack!
You rampage towards the sixfirhy!
You eviscerate the sixfirhy!!!
You kill the sixfirhy!
You rampage towards the cacodemon!
The cacodemon hits you but does no damage.
You block the cacodemon's attack.
You eviscerate the cacodemon!!!
The cacodemon is moderately wounded.
The cacodemon begins to attack, but is stunned by your conviction!
You mangle the cacodemon!!
The cacodemon is severely wounded.
You eviscerate the cacodemon!!!
You kill the cacodemon!
There is a stone staircase leading up here.
You climb upwards.
There is a stone staircase leading down here.
You enter the shallow water.
Moving in this stuff is going to be slow.
There is a staircase leading out of the dungeon here.
You have escaped!

##.#.#................##........#
##.#.#................#........≈#
##.#.+.......#........#........≈.
...###....##.####.#####........≈.
######....##......#####........≈.
.>...#....#.#.#.#.#.#.#........≈.
######....+#.#.#.#.#.#..#####'#≈~
..........#.#.≈≈≈≈≈.#.#.# #.#≈#
...........#.#≈.@.≈#.#..# #.#.#
.......####.#.≈...≈.#.#.# #.#..
.......###.#.#≈...≈#.#..# #.###
........###.#.~~~~~.#.#.# #.#
........##.#.#.#.#.#.#..# #.###
........###.#.#.#.#.#.#.# #....
####....#########.#.###.# #####
#....#...........# #.#
#....#.#########.# #.#


There were no monsters in sight!

Vanquished Creatures
  Cerebov (Pan)
  Antaeus (Coc:7)
  Asmodeus (Geh:7)
  the Royal Jelly (Slime:5)
  Ereshkigal (Tar:7)
  Mnoleg (Pan)
  Gloorx Vloq (Pan)
  the Serpent of Hell (Dis:7)
  Frederick (Depths:4)
  Dispater (Dis:7)
  9 dread liches
  5 orbs of fire
  Tiamat (Zot:3)
  5 ancient liches
  Mara (Depths:1)
  Mennas (Depths:3)
  A juggernaut (Dis:7)
  Xtahua (Vaults:4)
  32 royal mummies
  Boris (thrice) (Vaults:4 Crypt:3 Tomb:3)
  12 pandemonium lords (Pan)
  Sojobo (Depths:4)
  8 Killer Klowns
  Vv (Zot:2)
  28 shard shrikes
  Parghit (Depths:4)
  4 curse toes
  Vashnia (Snake:4)
  Geryon (Hell)
  12 caustic shrikes
  Saint Roka (Orc:2)
  10 golden dragons
  Margery (Vaults:5)
  9 bone dragons
  17 profane servitors
  Nikola (Snake:4)
  An electric golem (Zot:5)
  18 Tzitzimimeh
  8 doom hounds
  7 iron giants
  17 Brimstone Fiends
  7 hellephants
  21 tainted leviathans
  25 Hell Sentinels
  26 Orb Guardians (Zot:5)
  26 Ice Fiends
  15 liches
  9 quicksilver dragons
  12 tentacled monstrosities
  27 titans
  Asterion (Snake:3)
  3 deep elf blademasters (Elf:3)
  11 searing wretches
  2 deep elf master archers (Elf:3)
  22 Executioners
  8 sphinxes
  Polyphemus (Shoals:2)
  8 tentacled starspawn
  18 acid blobs
  A kraken (Shoals:2)
  An eldritch tentacle (Pan)
  Kirke (Lair:4)
  Gastronok (Lair:1)
  29 ancient champions
  10 death cobs
  10 tengu reavers
  13 storm dragons
  Aizul (Snake:3)
  8 revenants
  17 azure jellies
  2 fenstrider witches (Pan)
  8 shadow dragons
  8 draconian monks
  Donald (Snake:4)
  8 demonspawn warmongers (Pan)
  6 rockslimes
  13 fire giants
  25 narguns
  6 protean progenitors
  11 frost giants
  6 nagarajas
  9 deep elf sorcerers
  17 quicksilver elementals
  7 draconian knights
  5 draconian shifters
  10 vault wardens
  7 shard shrike simulacra
  5 ghost moths
  8 iron dragons
  8 draconian scorchers
  43 balrugs
  10 ghouls
  An angel (Abyss:4)
  12 demonspawn blood saints (Pan)
  2 spectral caustic shrikes
  8 deep elf elementalists
  13 draconian annihilators
  11 demonspawn corrupters (Pan)
  4 curse skulls
  32 very ugly things
  2 broodmothers (Pan)
  8 draconian stormcallers
  30 reapers
  2 spriggan defenders (Depths:2)
  8 juggernaut skeletons
  24 cacodemons
  12 caustic shrike skeletons
  11 formless jellyfish
  15 quicksilver oozes
  An ophan (Abyss:3)
  14 ironbound preservers
  7 ironbound thunderhulks
  14 elemental wellsprings
  11 vampire knights
  A spectral titan (Tar:2)
  9 stone giants
  3 deep elf demonologists (Elf:3)
  14 demonspawn black suns (Pan)
  13 lorocyprocas
  10 green draconians
  4 bennus
  32 putrid mouths
  20 wendigos
  16 white draconians
  10 black draconians
  8 deep elf annihilators
  13 red draconians
  6 deep elf death magi
  34 purple draconians
  16 war gargoyles
  4 dire elephants
  3 spark wasps (Depths:1)
  9 yellow draconians
  10 iron golems
  26 blizzard demons
  3 merfolk javelineers
  8 merfolk impalers
  12 ettins
  2 crystal guardians
  25 mummy priests
  13 green deaths
  5 jiangshi
  A spectral kraken (Tar:7)
  9 eidola
  7 statues (WizLab)
  3 spriggan zombies
  2 entropy weavers
  Fannar (D:11)
  9 deep elf high priests
  A spectral iron giant (Tar:2)
  14 yaktaur captains
  3 spectral spriggans (Tar:4)
  9 rakshasas
  6 fire dragons
  2 peacekeepers
  A quicksilver dragon skeleton (Crypt:3)
  7 hydras
  10 hell beasts
  9 caustic shrike simulacra
  17 salamander tyrants
  A sphinx zombie (Vaults:3)
  A spriggan skeleton (Tomb:3)
  9 ice dragons
  37 vault guards
  The ghost of Frosty the Summoner, a journeyman KoSu of Fedhas (Lair:1)
  2 jorogumos (Zot:1)
  12 great orbs of eyes
  6 juggernaut simulacra
  2 merfolk avatars
  3 spriggan air magi
  4 ogre magi
  5 merfolk aquamancers
  8 stokers
  4 catoblepae
  11 anacondas
  2 tengu warriors
  An alligator snapping turtle (Shoals:4)
  9 ironbound frosthearts
  6 boulder beetles
  11 centaur warriors
  46 dancing weapons
  2 satyrs
  20 naga warriors
  90 death scarabs
  A bennu skeleton (Crypt:3)
  11 two-headed ogres
  9 deep troll shamans
  9 demonic crawlers
  4 death knights
  6 death yaks
  Urug (Lair:4)
  4 deep troll earth magi
  A spriggan berserker (Depths:3)
  19 hell hogs
  4 vampire magi
  6 shock serpents
  3 thrashing horrors
  37 soul eaters
  3 spectral emperor scorpions (Pan)
  An occultist (Elf:1)
  17 naga sharpshooters
  2 orc high priests
  2 storm dragon zombies
  6 hell knights
  2 spectral dire elephants
  3 hellephant skeletons (Pan)
  22 deep elf knights
  11 crystal echidnas
  75 sun demons
  9 shadow wraiths
  5 wretched stars
  3 spatial maelstroms
  14 iron trolls
  4 skysharks
  2 spectral anacondas
  5 salamander mystics
  50 deep trolls
  Amaemon (Lair:2)
  31 sixfirhies
  4 anaconda zombies (Snake:4)
  A fire crab (shapeshifter) (Vaults:5)
  33 skeletal warriors
  A bunyip zombie (Tomb:3)
  12 glowing orange brains
  2 quicksilver dragon simulacra
  An orb spider (shapeshifter) (Depths:2)
  6 flayed ghosts
  4 naga ritualists
  2 bog bodies (Crypt:1)
  A steelbarb worm (shapeshifter) (Vaults:5)
  14 sea snakes
  13 necromancers
  9 sun moths (Pan)
  8 arcanists
  3 spectral hydras (Tar:1)
  A harpy (shapeshifter) (D:15)
  7 deep elf archers
  22 shadow demons
  13 phantasmal warriors
  24 lindwurms
  6 anaconda skeletons
  26 harpies
  5 mana vipers
  41 ugly things
  2 orc knights
  21 ironbound convokers
  30 deep elf pyromancers
  A fenstrider witch simulacrum (Coc:2)
  An iron dragon zombie (Depths:3)
  9 fauns
  An orc sorcerer (Elf:2)
  25 deep elf zephyrmancers
  A will-o-the-wisp (Abyss:3)
  Maurice (D:7)
  6 cyclopes
  5 worldbinders
  11 manticores
  A spectral alligator snapping turtle (Tar:1)
  6 shining eyes
  A tengu skeleton (Vaults:4)
  2 iron dragon skeletons (Crypt:3)
  2 dire elephant zombies
  21 salamanders
  A shining eye (shapeshifter) (Vaults:5)
  7 merfolk sirens
  17 moths of wrath
  A wolf spider (Vaults:5)
  3 spectral centaurs (Tar:1)
  5 rust devils
  A cyclops (shapeshifter) (Vaults:5)
  A centaur zombie (Tomb:3)
  8 guardian serpents
  2 elephants (Lair:5)
  A black mamba (shapeshifter) (D:15)
  3 apocalypse crabs
  100 slime creatures
  A torpor snail (Lair:5)
  19 naga magi
  20 vault sentinels
  3 ice statues
  27 black mambas
  3 gargoyles
  11 kobold blastminers (Orc:2)
  11 eyes of devastation
  10 spectral swamp worms (Tar:7)
  13 molten gargoyles
  45 smoke demons
  A fire giant skeleton (Vaults:3)
  An emperor scorpion simulacrum (Hell)
  5 water nymphs
  4 titan simulacra
  9 cane toads
  A torpor snail (shapeshifter) (Vaults:4)
  A storm dragon simulacrum (Coc:1)
  22 orange demons
  9 rime drakes
  3 unseen horrors
  A swamp worm zombie (Crypt:1)
  A catoblepas zombie (Hell)
  7 anaconda simulacra
  21 hellions
  A naga skeleton (Tomb:3)
  5 kobold demonologists
  A white draconian zombie (Crypt:2)
  14 komodo dragons
  7 efreet
  14 freezing wraiths
  47 large abominations
  19 ice devils
  A komodo dragon (shapeshifter) (D:13)
  Jeremiah (D:9)
  3 iron giant simulacra
  30 yaktaurs
  A black draconian zombie (Crypt:1)
  13 red devils
  17 tengu conjurers
  24 tormentors
  An ancient zyme (Abyss:4)
  3 polar bears
  3 silent spectres
  A spectral harpy (Tar:1)
  31 hellwings
  2 harpy zombies
  49 guardian mummies
  2 hornets (Depths:3)
  23 merfolk
  An unseen horror skeleton (Crypt:1)
  4 harpy skeletons
  7 trolls
  A polar bear (shapeshifter) (D:14)
  5 glass eyes
  An ettin zombie (Crypt:2)
  6 wind drakes
  14 raiju
  17 blink frogs
  An iron dragon simulacrum (Coc:7)
  Prince Ribbit (D:7)
  A stone giant simulacrum (Coc:3)
  23 dream sheep
  An ettin skeleton (Tomb:2)
  11 snapping turtles
  3 centaur simulacra
  3 air elementals
  2 spriggans (Depths:3)
  An elf skeleton (Vaults:3)
  2 shadows
  A culicivora (Vaults:3)
  41 ynoxinuls
  9 ushabtiu
  4 wraiths
  Eustachio (D:4)
  A vampire (D:13)
  6 dire elephant simulacra
  46 yaks
  A slime creature zombie (Crypt:2)
  4 starcursed masses (Abyss:4)
  17 water elementals
  7 wyverns
  2 fire elementals
  5 wargs
  An alligator snapping turtle simulacrum (Coc:3)
  5 basilisks
  5 death yak simulacra (IceCv)
  4 fire bats (Abyss:4)
  3 humans
  3 spatial vortices (Abyss:4)
  2 steam dragons
  A wind drake skeleton (Crypt:3)
  6 golden eyes
  2 hogs (Lair:4)
  A redback (Vaults:3)
  38 neqoxecs
  A naga zombie (Tomb:3)
  37 chaos spawn
  51 nagas
  11 vampire mosquitoes
  An acid dragon (D:14)
  20 harpy simulacra
  A hell hound (Abyss:3)
  A deep troll skeleton (Hell)
  6 hydra simulacra
  A merfolk skeleton (Crypt:1)
  20 water moccasins
  A two-headed ogre skeleton (Tomb:3)
  A demonspawn skeleton (Tomb:1)
  A glowing shapeshifter skeleton (Vaults:4)
  An ice beast (D:6)
  30 orc warriors
  2 sky beasts
  A black bear (D:6)
  4 ettin simulacra
  10 ogres
  16 laughing skulls
  3 boggarts
  7 centaurs
  A snapping turtle skeleton (Crypt:3)
  An elephant skeleton (Crypt:2)
  13 wolves
  A hog skeleton (Crypt:3)
  2 phantoms
  3 elf zombies
  4 kobold brigands
  A brain worm (Abyss:3)
  11 bullfrogs
  7 cane toad simulacra (IceCv)
  3 necrophages
  A glowing shapeshifter simulacrum (Depths:3)
  A komodo dragon skeleton (Crypt:2)
  A two-headed ogre simulacrum (IceCv)
  An earth elemental (Elf:1)
  A komodo dragon zombie (Crypt:2)
  3 scorpions
  A deep troll simulacrum (Coc:2)
  3 small abominations
  7 wights
  A swamp dragon simulacrum (Tomb:2)
  3 elephant simulacra (IceCv)
  A human simulacrum (Vaults:4)
  6 killer bees (D:9)
  A raiju skeleton (Crypt:3)
  2 electric eels (Lair:3)
  3 howler monkeys
  A bullfrog zombie (Crypt:2)
  2 quasits
  4 jellies
  4 hounds
  20 orc priests
  3 human skeletons
  A sleepcap (D:7)
  4 human zombies (Ossuary)
  2 iguanas
  2 iron imps (Abyss:2)
  Jessica (D:2)
  Natasha (thrice) (D:2)
  17 orc wizards
  2 troll simulacra (IceCv)
  30 hell rats
  A boggart skeleton (Crypt:3)
  A polar bear simulacrum (IceCv)
  4 wolf simulacra (IceCv)
  6 spriggan simulacra
  6 hound zombies (Ossuary)
  A hound skeleton (D:2)
  47 mummies
  Robin (D:2)
  4 adders
  5 gnolls
  8 naga simulacra
  2 shadow imps (D:6)
  3 white imps
  An ufetubus (IceCv)
  8 adder zombies (Ossuary)
  A worm (D:3)
  2 dart slugs (D:4)
  75 orcs
  7 bats
  3 bat skeletons (D:2)
  A bat zombie (D:2)
  8 endoplasms
  A giant cockroach (D:1)
  A gnoll zombie (Ossuary)
  20 goblins
  5 hobgoblins
  5 jackals
  3 quokkas
  12 ball pythons
  A ball python skeleton (D:2)
  3 frilled lizards
  A gnoll skeleton (Crypt:1)
  A jackal skeleton (D:2)
  6 jackal zombies (Ossuary)
  15 kobolds
  A kobold skeleton (Crypt:1)
  4 kobold zombies (Ossuary)
  3 orc skeletons (D:5)
  5 orc zombies (Ossuary)
  7 rats
  3 aspiring fleshes (Pan)
  A creeping inferno (Geh:6)
  9 fire vortices (Geh:6)
  2 lurking horrors
  3 starspawn tentacles
  4 tentacles
4299 creatures vanquished.

Vanquished Creatures (others)
  Lom Lobon (Pan)
  A shard shrike (Coc:4)
  An electric golem (Zot:5)
  A Brimstone Fiend (Geh:7)
  An acid blob (Abyss:4)
  A searing wretch (Geh:7)
  A tainted leviathan (Tar:5)
  2 quicksilver dragons (Zot:3)
  A titan (Coc:7)
  A deep elf master archer (Elf:3)
  A revenant (Tomb:3)
  A nargun (Coc:7)
  A fire giant (Geh:4)
  A deep elf sorcerer (Elf:3)
  A draconian shifter (Zot:3)
  A draconian scorcher (Zot:3)
  A shard shrike simulacrum (Coc:6)
  A caustic shrike skeleton (Pan)
  A very ugly thing (Depths:3)
  A vampire knight (Depths:3)
  3 elemental wellsprings
  A lorocyproca (Pan)
  A white draconian (Zot:3)
  A wendigo (Coc:7)
  A yellow draconian (Zot:2)
  An ettin (Vaults:5)
  A quicksilver dragon zombie (Hell)
  An ice dragon (Depths:2)
  2 caustic shrike simulacra
  2 ogre magi (Abyss:4)
  A merfolk aquamancer (Shoals:3)
  A stoker (Geh:6)
  A fenstrider witch skeleton (Hell)
  2 death scarabs
  A hell hog (Geh:6)
  A hell knight (Depths:2)
  A deep elf knight (Elf:2)
  A sun demon (Pan)
  A sixfirhy (Pan)
  A flayed ghost (Vaults:5)
  A shadow demon (Pan)
  A deep elf archer (D:13)
  A phantasmal warrior (D:15)
  2 spriggan simulacra
  A deep elf zephyrmancer (Elf:3)
  A deep elf pyromancer (Elf:2)
  2 harpies
  An orc sorcerer (Orc:2)
  A mana viper (Snake:1)
  2 manticores
  A moth of wrath (Zot:4)
  A black mamba (Snake:3)
  A torpor snail (Lair:1)
  Joseph (D:7)
  A naga mage (Snake:3)
  A smoke demon (Pan)
  A cane toad (Lair:5)
  A guardian serpent (Snake:4)
  2 titan simulacra
  A bunyip simulacrum (Coc:2)
  An anaconda simulacrum (Coc:4)
  A yaktaur (Vaults:3)
  A red devil (Pan)
  2 tormentors (Geh:6)
  2 guardian mummies (Tomb:3)
  2 ice devils
  2 merfolk
  A stone giant simulacrum (Coc:4)
  A water elemental (Shoals:4)
  A ynoxinul (Pan)
  An ushabti (Tomb:3)
  A fire bat (Abyss:4)
  2 dire elephant simulacra (Coc:7)
  A neqoxec (Pan)
  2 chaos spawn (Abyss:4)
  2 nagas
  5 harpy simulacra
  A hydra simulacrum (Coc:1)
  2 orc warriors
  A wolf (Lair:3)
  2 laughing skulls (Abyss:4)
  An ogre (Vaults:5)
  A human zombie (Ossuary)
  An orc wizard (Orc:2)
  2 hell rats
  3 mummies (Tomb:3)
  2 orcs
  A kobold (D:13)
  2 ball lightnings (Pan)
  5 creeping infernos
  2 foxfires (Abyss:3)
  14 starspawn tentacles
  12 tentacles
150 creatures vanquished.

Grand Total: 4449 creatures vanquished

Notes
Turn   | Place    | Note
-------+----------+-------------------------------------------
     0 | D:1      | klunsen the Ghoul Monk began the quest for the Orb.
     0 | D:1      | Reached XP level 1. HP: 19/19 MP: 1/1
   373 | D:1      | Reached XP level 2. HP: 25/26 MP: 2/2
  1175 | D:2      | Noticed Natasha
  1187 | D:2      | Killed Natasha
  1188 | D:2      | Reached skill level 5 in Unarmed Combat
  1188 | D:2      | Reached XP level 3. HP: 20/31 MP: 3/3
  1233 | D:2      | Found a shimmering altar of Xom.
  1244 | D:2      | Noticed Robin
  1255 | D:2      | Reached XP level 4. HP: 34/38 MP: 4/4
  1260 | D:2      | Killed Robin
  1610 | D:2      | Found Racwiul's Assorted Antiques.
  1770 | D:2      | Noticed Natasha
  1776 | D:2      | Killed Natasha
  1777 | D:2      | Reached XP level 5. HP: 45/45 MP: 5/5
  1818 | D:2      | Noticed Natasha
  1823 | D:2      | Killed Natasha
  1905 | D:2      | Noticed Jessica
  1916 | D:2      | Killed Jessica
  2073 | D:3      | Found a sacrificial altar of Ru.
  2079 | D:3      | Reached XP level 6. HP: 48/51 MP: 6/6
  2097 | D:3      | Became a worshipper of Ru the Awakened
  2103 | D:3      | Gained mutation: You cannot study or use magical devices.
                  | [Ru sacrifice]
  2103 | D:3      | Reached * piety under Ru
  2103 | D:3      | Reached ** piety under Ru
  2980 | D:4      | Found a shimmering blue altar of Sif Muna.
  3099 | D:4      | Reached XP level 7. HP: 57/57 MP: 7/7
  3274 | D:4      | Noticed Eustachio
  3293 | D:4      | Killed Eustachio
  3714 | D:5      | Entered Level 5 of the Dungeon
  3744 | D:5      | Identified the +6 halberd of Wolliy {flame, rF+ Str+3}
  3788 | D:5      | Reached skill level 10 in Unarmed Combat
  3989 | D:5      | Reached XP level 8. HP: 55/63 MP: 8/8
  4240 | D:5      | Found a sand-covered staircase.
  4250 | Ossuary  | Entered an ossuary
  4365 | Ossuary  | Gained mutation: You cannot be stealthy. [Ru sacrifice]
  4365 | Ossuary  | Reached *** piety under Ru
  5130 | D:6      | Reached XP level 9. HP: 7/70 MP: 9/9
  5479 | D:6      | Reached skill level 1 in Armour
  5714 | D:6      | Found Capsu's General Store.
  5715 | D:6      | Found Noerch's Jewellery Shop.
  5821 | D:6      | Found a broken altar of Ashenzari.
  6262 | D:7      | Reached skill level 5 in Fighting
  6324 | D:7      | You fall into a shaft and drop 2 floors!
  6575 | D:8      | Got Ceshomp's Writings on Impulse and Phantasms
  6934 | D:8      | Gained mutation: You are hated by all. [Ru sacrifice]
  7298 | D:9      | Found Umoilisa's Antique Armour Shoppe.
  7325 | D:9      | Identified the +11 long sword of Otinaiwn {elec, SInv}
  7331 | D:9      | Noticed a troll
  7358 | D:9      | Killed a troll
  7524 | D:9      | Found a staircase to the Lair.
  7563 | D:9      | Reached skill level 5 in Armour
  7563 | D:9      | Reached XP level 10. HP: 85/86 MP: 10/10
  7585 | D:9      | Noticed Jeremiah
  7605 | D:9      | Killed Jeremiah
  7760 | D:9      | Found a staircase to the Orcish Mines.
  8155 | D:9      | Found a shimmering altar of Xom.
  8352 | D:9      | Found a hide-covered altar of Uskayaw.
  8352 | D:9      | Found a sparkling altar of Nemelex Xobeh.
  8411 | D:10     | Entered Level 10 of the Dungeon
  8791 | D:10     | Found an ancient bone altar of Kikubaaqudgha.
  8804 | D:10     | Noticed a two-headed ogre
  8811 | D:10     | Killed a two-headed ogre
  8847 | D:10     | Reached skill level 10 in Fighting
  8847 | D:10     | Reached XP level 11. HP: 66/99 MP: 11/11
  8960 | D:10     | Noticed a two-headed ogre
  8970 | D:10     | Killed a two-headed ogre
  9240 | D:10     | Found a stormy altar of Qazlal.
  9382 | D:6      | Bought the amulet "Lakhic" {Reflect rElec SH+5} for 484
                  | gold pieces
  9703 | D:11     | Noticed Fannar
  9743 | D:11     | Killed Fannar
  9744 | D:11     | Reached skill level 1 in Shields
 10007 | D:11     | Gained mutation: Potions are less effective at restoring
                  | your health. [Ru sacrifice]
 10007 | D:11     | Reached **** piety under Ru
 10699 | D:12     | Noticed a skeletal warrior
 10806 | D:12     | Noticed a skeletal warrior
 10812 | D:12     | Noticed a skeletal warrior
 10907 | Lair:1   | Entered Level 1 of the Lair of Beasts
 11282 | Lair:1   | Found a runed translucent gate.
 11284 | Lair:1   | Found a runed translucent gate.
 11285 | Lair:1   | Found a runed translucent gate.
 11287 | Lair:1   | Noticed Frosty's ghost (journeyman KoSu)
 11351 | Lair:1   | Reached skill level 5 in Shields
 11371 | Lair:1   | Reached XP level 12. HP: 60/106 MP: 12/12
 11541 | Lair:1   | Reached skill level 15 in Unarmed Combat
 12336 | Lair:1   | Noticed Gastronok
 12384 | Lair:1   | Killed Gastronok
 12530 | D:6      | Bought a +0 cloak for 58 gold pieces
 12738 | D:6      | Identified a scroll of acquirement
 12738 | D:6      | Acquired 871 gold pieces
 13414 | Lair:2   | Gained mutation: You are slightly weak-willed. (Will-) [Ru
                  | sacrifice]
 13414 | Lair:2   | Reached ***** piety under Ru
 13680 | Lair:1   | Killed Frosty's ghost
 14131 | Lair:2   | Noticed Amaemon
 14144 | Lair:2   | Killed Amaemon
 14658 | Lair:3   | Found a staircase to the Shoals.
 14706 | Lair:3   | Reached XP level 13. HP: 62/114 MP: 13/13
 15068 | Lair:3   | Found a staircase to the Snake Pit.
 15266 | Lair:3   | Gained mutation: Your magical capacity is low. (-10% MP)
                  | [Ru sacrifice]
 15812 | Lair:4   | Noticed Kirke
 15823 | Lair:4   | Noticed a sphinx
 15827 | Lair:4   | Killed Kirke
 16687 | Lair:4   | Noticed Urug
 16696 | Lair:4   | Killed Urug
 16810 | Lair:4   | Found a runed translucent door.
 16811 | Lair:4   | Noticed an azure jelly
 16811 | Lair:4   | Noticed an azure jelly
 16813 | Lair:4   | Found a staircase to the Slime Pits.
 17061 | Lair:5   | Entered Level 5 of the Lair of Beasts
 17533 | Lair:5   | Reached XP level 14. HP: 82/127 MP: 12/12
 17853 | Lair:5   | Gained mutation: You cannot study or cast Ice magic. [Ru
                  | sacrifice]
 17853 | Lair:5   | Gained mutation: You cannot study or cast Alchemy magic.
                  | [Ru sacrifice]
 17853 | Lair:5   | Gained mutation: You cannot study or cast Conjurations
                  | magic. [Ru sacrifice]
 17853 | Lair:5   | Reached ****** piety under Ru
 18254 | Lair:5   | Found the +5 demon whip "Spellbinder" {antimagic, disrupt,
                  | Will+}
 19038 | D:6      | Bought the ring of the Tortoise {AC+8} for 1408 gold pieces
 19038 | D:6      | Found the ring of the Tortoise {AC+8}
 19114 | D:7      | Noticed Maurice
 19119 | D:7      | Killed Maurice
 19157 | D:7      | Noticed Prince Ribbit
 19166 | D:7      | Killed Prince Ribbit
 19286 | D:7      | Found a staircase to the Ecumenical Temple.
 19444 | D:7      | Noticed Joseph
 19451 | D:7      | Killed Joseph
 19999 | D:12     | Found Yby Hyh's Serpentskin Sales.
 20848 | D:13     | Reached skill level 10 in Armour
 21068 | D:13     | Paralysed by something for 5 turns
 21075 | D:13     | Reached XP level 15. HP: 118/123 MP: 4/13
 21416 | D:13     | Upgraded the game from 0.31-a0-1412-g7b7c7d10e1 to
                  | 0.31-a0-1458-g2f8d4710b4
 21642 | D:13     | Found a gate to the Vaults.
 21909 | Orc:1    | Entered Level 1 of the Orcish Mines
 21974 | Orc:2    | Entered Level 2 of the Orcish Mines
 22050 | Orc:2    | Found Allemmug's Distillery.
 22178 | Orc:2    | Found a frozen archway.
 22187 | IceCv    | Entered an ice cave
 22492 | IceCv    | Found an ancient bone altar of Kikubaaqudgha.
 23024 | IceCv    | Identified the +0 robe of Penin {rPois rF- MP+9}
 23286 | Orc:2    | Found a staircase to the Elven Halls.
 23532 | Orc:2    | Reached skill level 10 in Shields
 23570 | Orc:2    | Noticed Saint Roka
 23593 | Orc:2    | Killed Saint Roka
 23658 | Orc:2    | Found Reocwum's Antique Weapon Shop.
 23660 | Orc:2    | Found Vunor's Antique Armour Boutique.
 23755 | Orc:2    | Found Emipt's Armour Shoppe.
 23968 | Orc:2    | Found Xeceraes's Armour Shoppe.
 24163 | Orc:2    | Bought a slimy plate armour for 840 gold pieces
 24163 | Orc:2    | Identified the +4 plate armour of the Shrike {Rampage rPois
                  | rF+ Stlth+} (You bought it in a shop on level 2 of the
                  | Orcish Mines)
 24739 | D:14     | Reached XP level 16. HP: 146/146 MP: 14/14
 24912 | D:14     | Found a shimmering blue altar of Sif Muna.
 25084 | D:15     | Entered Level 15 of the Dungeon
 25144 | D:15     | Found a staircase to the Depths.
 25562 | D:15     | Found a runed translucent door.
 25569 | D:15     | Identified the +3 spear "Cimatwoy" {freeze, rN+}
 25570 | D:15     | Noticed Sacsyrch's ghost (journeyman DrMo)
 25992 | D:15     | Found a sparkling altar of Nemelex Xobeh.
 26749 | Snake:1  | Entered Level 1 of the Snake Pit
 27182 | Snake:1  | Reached skill level 5 in Dodging
 27257 | Snake:1  | Found Kaymp's Antique Weapon Boutique.
 27259 | Snake:1  | Found Zuxofylomp's Weapon Shop.
 27259 | Snake:1  | Found Fij Mattepla's Book Boutique.
 27264 | Snake:1  | Found Honew's General Store.
 27520 | Snake:2  | Found a runed translucent gate.
 27523 | Snake:2  | Found an opulent altar of Gozag.
 27524 | Snake:2  | Found a runed translucent gate.
 27524 | Snake:2  | Found a runed translucent gate.
 27525 | Snake:2  | Noticed Omecili's ghost (journeyman DsNe)
 28335 | Snake:2  | Found Nielyuwa's Assorted Antiques.
 28376 | Snake:3  | Found Gauzy's Assorted Antiques.
 28621 | Snake:3  | Noticed a nagaraja
 28634 | Snake:3  | Killed a nagaraja
 28635 | Snake:3  | Reached skill level 15 in Fighting
 28703 | Snake:3  | Identified the serpent talisman of the Blind Marksman
                  | {+Blink Will+ Int+2 Dex-2}
 28703 | Snake:3  | Noticed Aizul
 28722 | Snake:3  | Killed Aizul
 28783 | Snake:3  | Reached XP level 17. HP: 132/156 MP: 15/15
 29292 | Snake:3  | Got the Atlas of Fulmination and Metal
 29698 | Snake:4  | Entered Level 4 of the Snake Pit
 29698 | Snake:4  | Noticed Nikola
 29702 | Snake:4  | Noticed Asterion
 29715 | Snake:3  | Killed Asterion
 30189 | Snake:4  | Found Emaoxosayw's Book Shop.
 30190 | Snake:4  | Found Zoneh's Jewellery Shoppe.
 30190 | Snake:4  | Found Toniogg's Jewellery Shoppe.
 30304 | Snake:4  | Killed Nikola
 30351 | Snake:4  | Noticed Vashnia
 30476 | Snake:4  | Killed Vashnia
 30622 | Snake:4  | Noticed Donald
 30633 | Snake:4  | Killed Donald
 30951 | Snake:4  | Reached XP level 18. HP: 152/159 MP: 16/16
 31780 | Snake:4  | Got a serpentine rune of Zot
 31929 | Shoals:1 | Entered Level 1 of the Shoals
 32000 | Shoals:1 | Found Kackutiq's Book Emporium.
 32083 | Shoals:1 | Found Utwahipu's Magic Scroll Shop.
 32091 | Shoals:1 | Bought a scroll of blinking for 112 gold pieces
 32378 | Shoals:1 | Found Taesmum's General Store.
 32399 | Shoals:1 | Found Gozxas's General Store.
 32416 | Shoals:1 | Bought a scroll of blinking for 90 gold pieces
 32429 | Shoals:1 | Found Toithaus's Antique Armour Emporium.
 32442 | Shoals:1 | Bought a pair of jewelled boots for 332 gold pieces
 32442 | Shoals:1 | Identified the +2 pair of boots of Locan {Rampage Will+
                  | Stlth+} (You bought it in a shop on level 1 of the Shoals)
 33037 | Shoals:2 | Identified the +0 chain mail of Serendipity {Harm Str+4}
 33059 | Shoals:2 | Noticed Polyphemus
 33080 | Shoals:2 | Killed Polyphemus
 33754 | Shoals:3 | Identified the +6 flail "Pauples" {freeze, rC- Int+7 Dex-3
                  | SInv}
 34414 | Shoals:4 | Entered Level 4 of the Shoals
 34432 | Shoals:4 | Reached XP level 19. HP: 173/174 MP: 17/17
 34651 | Shoals:4 | Found Hiexkimp's Armour Boutique.
 34809 | Shoals:4 | Identified the ring of Cavof {AC+4 Dex+2 Slay+2}
 34861 | Shoals:4 | Identified the +4 ring mail "Sooxeduv" {rC- Str+2 Dex+8}
 35123 | Shoals:4 | Found Xera's General Store.
 35126 | Shoals:4 | Found Busm's Magic Scroll Emporium.
 35130 | Shoals:4 | Identified the +4 halberd of the Spider Nest {freeze,
                  | Str+6}
 35244 | Shoals:4 | Found Ozarghi's Antique Armour Shop.
 35262 | Shoals:4 | Bought an embroidered cloak for 292 gold pieces
 36118 | Shoals:4 | Found Learr's Book Emporium.
 36211 | Shoals:4 | Identified the ring "Maijem" {Ice Fly Str+3 SInv}
 36570 | Shoals:4 | Got a barnacled rune of Zot
 36835 | Vaults:1 | Entered Level 1 of the Vaults
 37340 | Vaults:1 | Reached skill level 27 in Unarmed Combat
 37352 | Vaults:1 | Identified the -1 helmet "Ucwaoto" {-Cast rC+ Will++
                  | Slay+4}
 38267 | Vaults:2 | You fall into a shaft and drop 2 floors!
 38671 | Vaults:4 | Reached XP level 20. HP: 163/193 MP: 18/18
 39268 | Vaults:4 | Noticed Boris
 39282 | Vaults:4 | Killed Boris
 40636 | Vaults:3 | Found Moczatt's Armour Shoppe.
 41419 | Vaults:2 | Found a staircase to the Crypt.
 41425 | Vaults:2 | Reached XP level 21. HP: 190/202 MP: 18/18
 41511 | Vaults:2 | Identified the +0 robe of Suutraton {rC+ Regen+ Dex+2}
 42602 | Depths:1 | Entered Level 1 of the Depths
 42692 | Depths:1 | Found a transporter.
 42696 | Depths:1 | Found a transporter.
 42697 | Depths:1 | Found a bloodstained altar of Trog.
 42697 | Depths:1 | Found the +7 captain's cutlass {speed, disarm}
 42699 | Depths:1 | Identified the amulet "Kunkep" {Spirit ^Contam Rampage
                  | rPois Dex+4}
 42699 | Depths:1 | Noticed Puenacho's ghost (adept DECj)
 42707 | Depths:1 | Noticed a juggernaut
 42984 | Depths:1 | Noticed Mara
 42993 | Depths:1 | Noticed klunsen's illusion
 42994 | Depths:1 | Killed Mara
 43393 | Depths:1 | Found a hide-covered altar of Uskayaw.
 43402 | Depths:1 | Reached skill level 10 in Dodging
 43661 | Depths:1 | Found a gateway to Hell.
 44678 | Depths:2 | Found a one-way gate leading to the halls of Pandemonium.
 44685 | Depths:2 | Reached skill level 15 in Armour
 44692 | Depths:2 | Reached XP level 22. HP: 200/210 MP: 19/19
 45112 | Depths:3 | Found a one-way gate to the infinite horrors of the Abyss.
 45439 | Depths:3 | Identified the ring "Lel Rus" {rPois rC+ Will+ Slay+3}
 45455 | Depths:3 | Found a runed translucent door.
 45470 | Depths:3 | Noticed a golden dragon
 45488 | Depths:3 | Killed a golden dragon
 45495 | Depths:3 | Noticed a golden dragon
 45862 | Depths:3 | Found a one-way gateway to a ziggurat.
 45957 | Depths:3 | Killed a golden dragon
 45988 | Depths:3 | Noticed Mennas
 46000 | Depths:3 | Killed Mennas
 46302 | Depths:3 | Identified the +1 sling of Desperation {elec, rElec}
 46380 | Depths:3 | Noticed Pewaar's ghost (journeyman DsNe)
 46564 | Depths:4 | Entered Level 4 of the Depths
 46667 | Depths:4 | Found a gate to the Realm of Zot.
 46866 | Depths:4 | Noticed Parghit
 46892 | Depths:4 | Killed Parghit
 47421 | Depths:4 | Identified the orb of the Robin {light, SInv}
 47421 | Depths:4 | Noticed Frederick
 47445 | Depths:4 | Killed Frederick
 47446 | Depths:4 | Reached XP level 23. HP: 164/220 MP: 1/20
 47713 | Depths:4 | Noticed Sojobo
 47735 | Depths:4 | Killed Sojobo
 48120 | Depths:3 | Noticed a golden dragon
 48123 | Depths:3 | Killed a golden dragon
 48431 | Crypt:1  | Entered Level 1 of the Crypt
 48561 | Crypt:1  | Reached skill level 15 in Shields
 48962 | Crypt:1  | Found an ancient bone altar of Kikubaaqudgha.
 50421 | Crypt:3  | Entered Level 3 of the Crypt
 50448 | Crypt:3  | Noticed Boris
 50459 | Crypt:3  | Killed Boris
 50625 | Crypt:3  | Identified the +2 battleaxe of Ygushry {heavy, ^Drain rC+
                  | Will+}
 50780 | Crypt:3  | Noticed a curse toe
 50785 | Crypt:3  | Killed a curse toe
 50789 | Crypt:3  | Identified the ring of Olusaduw {rElec rF+ rN+ Int+3
                  | Stlth-}
 50807 | Crypt:3  | Noticed an ancient lich
 50807 | Crypt:3  | Noticed a dread lich
 51223 | Crypt:3  | Identified the +0 chain mail of Courage {rElec Dex-3
                  | Slay+5}
 51234 | Crypt:3  | Killed a dread lich
 51244 | Crypt:3  | Killed an ancient lich
 51250 | Crypt:3  | Identified the ring of Gisyaf {rC- rN+ Int+2 Dex+4}
 51250 | Crypt:3  | Identified the ring "Samyido" {rElec rN+ Dex+4}
 51259 | Crypt:3  | Identified the +9 hand axe "Goblin's Funeral" {pain, rC-
                  | rN++}
 51441 | Crypt:3  | Found a staircase to the Tomb.
 52117 | Elf:1    | Entered Level 1 of the Elven Halls
 52155 | Elf:1    | Found an ancient bone altar of Kikubaaqudgha.
 52290 | Elf:1    | Reached XP level 24. HP: 216/228 MP: 20/20
 52491 | Elf:1    | Found Myitiudd's Antique Armour Boutique.
 52508 | Elf:1    | Found Suotat's General Store.
 52521 | Elf:1    | Bought a transparent cloak for 247 gold pieces
 52521 | Elf:1    | Identified the +0 cloak of the Centipede {rF+} (You bought
                  | it in a shop on level 1 of the Elven Halls)
 53149 | Elf:2    | Paralysed by an air elemental for 1 turns
 53156 | Elf:2    | Paralysed by an air elemental for 1 turns
 53242 | Elf:2    | Found a runed translucent gate.
 53243 | Elf:2    | Found a runed translucent gate.
 53243 | Elf:2    | Found a runed translucent gate.
 53413 | Elf:2    | Found a magical portal.
 53417 | WizLab   | Entered Iskenderun's Mystic Tower
 54914 | Elf:3    | Entered Level 3 of the Elven Halls
 54916 | Elf:3    | Paralysed by an air elemental for 1 turns
 54969 | Elf:3    | Identified the +8 long sword of Toothy Conscience {flame,
                  | rPois}
 55001 | Elf:3    | Noticed jotaen's ghost (adept MiFi)
 55011 | Elf:3    | Found a transporter.
 55048 | Elf:3    | Found a transporter.
 55377 | Elf:3    | Identified the +2 great sword of the Mushroom {flame,
                  | *Noise rCorr SInv}
 55615 | Elf:3    | Reached XP level 25. HP: 239/239 MP: 20/20
 55926 | Elf:3    | Identified the +6 sling of the Little People {antimagic,
                  | ^Drain rF++ Dex+2 Stlth+}
 55979 | Elf:3    | Found the ring of the Mage {Wiz Archmagi}
 56000 | Elf:3    | Identified the ring "Luinuos" {rN+ Will- Int+5}
 56018 | Elf:3    | Identified the +7 battleaxe "Widowmaker" {pain, *Rage rPois
                  | rCorr Int+4}
 56063 | Elf:3    | Identified the staff "Goblinslayer" {rF- Will+ Conj Hexes}
 56067 | Elf:3    | Identified the staff "Kiyharorgh" {rF+ rC+ Str+2 Conj}
 56461 | Vaults:5 | Entered Level 5 of the Vaults
 56950 | Vaults:5 | Noticed Margery
 56962 | Vaults:5 | Killed Margery
 57023 | Vaults:5 | Noticed Xtahua
 57044 | Vaults:4 | Killed Xtahua
 57213 | Vaults:5 | Identified the ring of Brilliance {rC+ rN+ Stlth+}
 57230 | Vaults:5 | Identified the +2 long sword "Tafutsue" {flame, rC- Int+8
                  | Stlth+}
 57479 | Vaults:5 | Identified the +0 shortbow of Revolt {antimagic, ^Drain
                  | rPois rN+ rCorr}
 57662 | Vaults:5 | Identified the +3 battleaxe of the Dark Horse {drain,
                  | Will+}
 57843 | Vaults:5 | Identified the +8 shortbow of Watchfulness {speed, rC+}
 58080 | Vaults:5 | Got a silver rune of Zot
 58207 | Vaults:5 | Found the brooch of Shielding {Spirit SH+8}
 58220 | Vaults:5 | Identified the +0 robe of Xeacvuis {Dex+3}
 58237 | Vaults:5 | Identified the ring of Qoxethit {rPois Will++ rCorr Dex-4}
 59040 | Hell     | Entered the Vestibule of Hell
 59040 | Hell     | Noticed Geryon
 59055 | Hell     | Reached XP level 26. HP: 218/227 MP: 12/20
 59605 | Hell     | Reached skill level 1 in Spellcasting
 60014 | Hell     | Killed Geryon
 60090 | Hell     | Found a gateway to the freezing wastes of Cocytus.
 60105 | Hell     | Found a gateway to the Iron City of Dis.
 60199 | Hell     | Found a gateway to the ashen valley of Gehenna.
 60396 | Hell     | Found a gateway to the decaying netherworld of Tartarus.
 60956 | Slime:1  | Entered Level 1 of the Pits of Slime
 61333 | Slime:2  | Reached skill level 15 in Dodging
 61908 | Slime:5  | Entered Level 5 of the Pits of Slime
 62908 | Slime:5  | Found the +4 skin of Zhor {*Englaciate rC+++ SInv}
 62961 | Slime:5  | Noticed the Royal Jelly
 63018 | Slime:5  | Killed the Royal Jelly
 63068 | Slime:5  | Identified the ring "Renyrhui" {Fire rElec Int-3 SInv
                  | Stlth+}
 63078 | Slime:5  | Identified the +3 whip of Naysin {freeze, *Slow rElec rC++
                  | SInv}
 63099 | Slime:5  | Identified the +3 scale mail of Mihasik {rPois Will+}
 63123 | Slime:5  | Got a slimy rune of Zot
 63130 | Slime:5  | Identified the +1 flail "Elosch" {spect, rElec rC+}
 63148 | Slime:5  | Identified the +3 mace "Raivilick" {flame, rC+ rCorr}
 63174 | Slime:5  | Identified the amulet of the Rescuing Gods {Faith rElec rC+
                  | Slay-6}
 64020 | Elf:1    | Bought a smoking crystal plate armour for 2210 gold pieces
 64020 | Elf:1    | Identified the +3 crystal plate armour of the Fife {rElec
                  | Str+7 Dex+3} (You bought it in a shop on level 1 of the
                  | Elven Halls)
 64303 | D:2      | Bought a scroll of enchant armour for 202 gold pieces
 64303 | D:2      | Bought a potion of haste for 270 gold pieces
 64686 | Pan      | Entered Pandemonium
 64862 | Pan      | Noticed Gotepyw the pandemonium lord
 64887 | Pan      | Killed Gotepyw the pandemonium lord
 64888 | Pan      | Reached XP level 27. HP: 248/261 MP: 25/26
 66713 | Pan      | Noticed Gosere the pandemonium lord
 66733 | Pan      | Killed Gosere the pandemonium lord
 67299 | Pan      | Paralysed by accursed screaming for 1 turns
 67307 | Pan      | Paralysed by accursed screaming for 1 turns
 67608 | Pan      | Noticed Jutwuxol the pandemonium lord
 67628 | Pan      | Killed Jutwuxol the pandemonium lord
 68281 | Pan      | Found a runed translucent door.
 68295 | Pan      | Got a demonic rune of Zot
 68450 | Pan      | Noticed Zuta the pandemonium lord
 68470 | Pan      | Killed Zuta the pandemonium lord
 68727 | Pan      | Noticed Neekaoniah the pandemonium lord
 68746 | Pan      | Killed Neekaoniah the pandemonium lord
 69118 | Pan      | Noticed Utulantiegh the pandemonium lord
 69126 | Pan      | Killed Utulantiegh the pandemonium lord
 69155 | Pan      | Noticed Akaph the pandemonium lord
 69165 | Pan      | Killed Akaph the pandemonium lord
 69921 | Pan      | Found an exit through the horrors of the Abyss.
 70179 | Pan      | Noticed Beqixzak the pandemonium lord
 70203 | Pan      | Killed Beqixzak the pandemonium lord
 70208 | Pan      | Identified the +1 plate armour "Aweclarph" {^Drain Str+2
                  | Dex+3}
 70235 | Pan      | Entered the realm of Gloorx Vloq.
 70411 | Pan      | Found a corrupted altar of Lugonu.
 70411 | Pan      | Found a one-way gate to the infinite horrors of the Abyss.
 70910 | Pan      | Noticed Gloorx Vloq
 70925 | Pan      | Killed Gloorx Vloq
 70940 | Pan      | Got a dark rune of Zot
 71309 | Pan      | Noticed Maul the pandemonium lord
 71315 | Pan      | Killed Maul the pandemonium lord
 71321 | Pan      | Entered the realm of Mnoleg.
 71699 | Pan      | Found an exit through the horrors of the Abyss.
 71718 | Pan      | Reached skill level 27 in Fighting
 71890 | Pan      | Noticed Mnoleg
 71904 | Pan      | Killed Mnoleg
 72364 | Pan      | Got a glowing rune of Zot
 72409 | Pan      | Noticed Juffyt the pandemonium lord
 72415 | Pan      | Killed Juffyt the pandemonium lord
 72434 | Pan      | Found an exit through the horrors of the Abyss.
 73015 | Pan      | Noticed Ihuffif the pandemonium lord
 73027 | Pan      | Killed Ihuffif the pandemonium lord
 73277 | Pan      | Entered the realm of Cerebov.
 73342 | Pan      | Found an exit through the horrors of the Abyss.
 73970 | Pan      | Found the +6 sword of Cerebov {flame}
 73970 | Pan      | Noticed Cerebov
 73992 | Pan      | Killed Cerebov
 74011 | Pan      | Got a fiery rune of Zot
 74059 | Pan      | Identified the +1 robe of Life {*Corrode Str+3 Archmagi}
 74061 | Pan      | Identified the amulet of Crawling {Reflect Will+ Slay+2
                  | SH+5}
 74082 | Pan      | Identified the +4 battleaxe of Terra Cotta {vamp, Int+6
                  | Dex-5}
 75058 | Pan      | Noticed Qigheit the pandemonium lord
 75072 | Pan      | Killed Qigheit the pandemonium lord
 75126 | Pan      | Entered the realm of Lom Lobon.
 75127 | Pan      | Acquired a manual of Spellcasting
 75526 | Pan      | Noticed Lom Lobon
 75548 | Pan      | Killed Lom Lobon
 75563 | Pan      | Got a magical rune of Zot
 76027 | Pan      | Found an exit through the horrors of the Abyss.
 76486 | Pan      | Took an exit into the Abyss.
 76486 | Abyss:1  | Escaped into the Abyss
 76486 | Abyss:1  | Found a corrupted altar of Lugonu.
 76539 | Abyss:2  | Found a corrupted altar of Lugonu.
 76682 | Abyss:2  | Found a corrupted altar of Lugonu.
 77185 | Abyss:4  | Found a corrupted altar of Lugonu.
 77186 | Abyss:4  | Found a corrupted altar of Lugonu.
 77494 | Abyss:4  | Reached skill level 27 in Armour
 77503 | Abyss:4  | Noticed an ancient lich
 77509 | Abyss:4  | Killed an ancient lich
 77519 | Abyss:4  | Got an abyssal rune of Zot
 77527 | Abyss:4  | Noticed a dread lich
 77531 | Abyss:4  | Killed a dread lich
 77628 | Depths:2 | Escaped the Abyss
 77632 | Depths:2 | Upgraded the game from 0.31-a0-1458-g2f8d4710b4 to
                  | 0.31-a0-1476-g8a4046af8c
 77698 | Coc:1    | Entered Level 1 of Cocytus
 78370 | Coc:4    | Paralysed by a wendigo for 1 turns
 78376 | Coc:4    | Paralysed by a wendigo for 1 turns
 78385 | Coc:4    | Noticed a dread lich
 78397 | Coc:4    | Killed a dread lich
 78435 | Coc:4    | Noticed a dread lich
 78439 | Coc:4    | Noticed a dread lich
 78440 | Coc:4    | Noticed a dread lich
 78453 | Coc:4    | Killed a dread lich
 78463 | Coc:4    | Killed a dread lich
 78472 | Coc:4    | Killed a dread lich
 78494 | Coc:4    | Noticed an ancient lich
 78495 | Coc:4    | Noticed an ancient lich
 78504 | Coc:4    | Killed an ancient lich
 78508 | Coc:4    | Killed an ancient lich
 78522 | Coc:4    | Noticed a dread lich
 78529 | Coc:4    | Killed a dread lich
 78537 | Coc:4    | Noticed a dread lich
 78544 | Coc:4    | Killed a dread lich
 79086 | Coc:6    | Paralysed by a wendigo for 1 turns
 79098 | Coc:7    | Entered Level 7 of Cocytus
 79173 | Coc:7    | Paralysed by a wendigo for 1 turns
 79787 | Coc:7    | Reached skill level 27 in Shields
 79806 | Coc:7    | Reached skill level 5 in Spellcasting
 80485 | Coc:7    | Paralysed by a wendigo for 1 turns
 80750 | Coc:7    | Identified the amulet "Zemumn" {Harm Regen+ rCorr Int+3}
 80750 | Coc:7    | Noticed Antaeus
 80781 | Coc:7    | Killed Antaeus
 80908 | Coc:7    | Got an icy rune of Zot
 80935 | Coc:7    | Identified the +1 quarterstaff of Darkness {heavy, Dex+3}
 80988 | Coc:7    | Paralysed by a wendigo for 1 turns
 80993 | Coc:7    | Paralysed by a wendigo for 1 turns
 81154 | Dis:1    | Entered Level 1 of the Iron City of Dis
 81310 | Dis:1    | Reached skill level 10 in Spellcasting
 82166 | Dis:4    | You fall into a shaft and drop 2 floors!
 82181 | Dis:7    | Entered Level 7 of the Iron City of Dis
 82751 | Dis:7    | Noticed the Serpent of Hell
 82770 | Dis:7    | Killed the Serpent of Hell
 84407 | Dis:7    | Noticed a juggernaut
 84409 | Dis:7    | Noticed Dispater
 84433 | Dis:7    | Killed Dispater
 84441 | Dis:7    | Killed a juggernaut
 84491 | Dis:7    | Found the +3 crown of Dyrovepreva {rElec Int+2 SInv}
 84504 | Dis:7    | Identified the +2 leather armour "Duixtoco" {^Contam rC++
                  | Will+ Int+4}
 84508 | Dis:7    | Got an iron rune of Zot
 85063 | Orc:2    | Bought a potion of heal wounds for 65 gold pieces
 85063 | Orc:2    | Bought a potion of haste for 130 gold pieces
 85258 | Shoals:4 | Bought a potion of cancellation for 168 gold pieces
 85681 | Geh:1    | Entered Level 1 of Gehenna
 86698 | Geh:7    | Entered Level 7 of Gehenna
 87457 | Geh:7    | Identified the ring "Myipesse" {*Slow rC+ rN+ Str+2 Slay+2}
 87458 | Geh:7    | Identified the ring "Jokhoy Monne" {Str+6 Int+7 Dex+3}
 87685 | Geh:7    | Found the +13 sceptre of Asmodeus
 87685 | Geh:7    | Noticed Asmodeus
 87712 | Geh:7    | Killed Asmodeus
 87718 | Geh:7    | Got an obsidian rune of Zot
 87970 | Tar:1    | Entered Level 1 of Tartarus
 88737 | Tar:5    | Reached skill level 15 in Spellcasting
 88856 | Tar:7    | Entered Level 7 of Tartarus
 89579 | Tar:7    | Identified the +4 chain mail of the Guild-Master {rPois}
 89582 | Tar:7    | Identified the +5 hand axe of Modesty {venom, *Rage Will+
                  | rCorr}
 89584 | Tar:7    | Identified the amulet of Xeipnato {RegenMP Dex+3}
 89874 | Tar:7    | Noticed Ereshkigal
 89885 | Tar:7    | Killed Ereshkigal
 89910 | Tar:7    | Identified the +0 plate armour of the Little Devil {rC++
                  | MP-9 Str+5}
 89915 | Tar:7    | Identified the staff "Fabetteeg" {rPois rCorr MP+9 Alchemy}
 89918 | Tar:7    | Got a bone rune of Zot
 90636 | Tomb:1   | Entered Level 1 of the Tomb of the Ancients
 90880 | Tomb:1   | Noticed a royal mummy
 90887 | Tomb:1   | Noticed a royal mummy
 90899 | Tomb:1   | Killed a royal mummy
 90902 | Tomb:1   | Killed a royal mummy
 91477 | Tomb:2   | Noticed a royal mummy
 91483 | Tomb:2   | Noticed a royal mummy
 91510 | Tomb:2   | Killed a royal mummy
 91516 | Tomb:2   | Noticed a royal mummy
 91516 | Tomb:2   | Noticed a royal mummy
 91523 | Tomb:2   | Noticed a royal mummy
 91531 | Tomb:2   | Killed a royal mummy
 91544 | Tomb:2   | Killed a royal mummy
 91609 | Tomb:2   | Killed a royal mummy
 91620 | Tomb:2   | Killed a royal mummy
 92163 | Tomb:1   | Noticed a royal mummy
 92165 | Tomb:1   | Noticed a royal mummy
 92165 | Tomb:1   | Noticed a royal mummy
 92166 | Tomb:1   | Noticed a royal mummy
 92167 | Tomb:1   | Noticed a royal mummy
 92168 | Tomb:1   | Noticed a royal mummy
 92177 | Tomb:1   | Killed a royal mummy
 92185 | Tomb:1   | Killed a royal mummy
 92196 | Tomb:1   | Killed a royal mummy
 92202 | Tomb:1   | Killed a royal mummy
 92208 | Tomb:1   | Killed a royal mummy
 92217 | Tomb:1   | Killed a royal mummy
 92240 | Tomb:1   | Noticed a royal mummy
 92248 | Tomb:1   | Killed a royal mummy
 92450 | Tomb:1   | Noticed a royal mummy
 92462 | Tomb:1   | Killed a royal mummy
 92465 | Tomb:1   | Noticed a royal mummy
 92477 | Tomb:1   | Killed a royal mummy
 92483 | Tomb:1   | Noticed a royal mummy
 92493 | Tomb:1   | Killed a royal mummy
 92532 | Tomb:1   | Noticed a royal mummy
 92541 | Tomb:1   | Killed a royal mummy
 92554 | Tomb:1   | Noticed a royal mummy
 92563 | Tomb:1   | Killed a royal mummy
 92568 | Tomb:1   | Noticed a royal mummy
 92576 | Tomb:1   | Killed a royal mummy
 92582 | Tomb:1   | Noticed a royal mummy
 92589 | Tomb:1   | Noticed a royal mummy
 92603 | Tomb:1   | Noticed a royal mummy
 92614 | Tomb:1   | Killed a royal mummy
 92614 | Tomb:1   | Noticed a royal mummy
 92647 | Tomb:1   | Killed a royal mummy
 92665 | Tomb:1   | Killed a royal mummy
 92675 | Tomb:1   | Killed a royal mummy
 93194 | Tomb:3   | Entered Level 3 of the Tomb of the Ancients
 93265 | Tomb:3   | Noticed a royal mummy
 93266 | Tomb:3   | Noticed Boris
 93287 | Tomb:3   | Killed Boris
 93311 | Tomb:3   | Killed a royal mummy
 93316 | Tomb:3   | Noticed a royal mummy
 93319 | Tomb:3   | Identified the +9 sling of the Immovable Stars {heavy,
                  | rPois rN+ Dex+3 Stlth+}
 93326 | Tomb:3   | Noticed a royal mummy
 93349 | Tomb:3   | Noticed a royal mummy
 93365 | Tomb:3   | Killed a royal mummy
 93384 | Tomb:3   | Noticed a royal mummy
 93428 | Tomb:3   | Noticed a royal mummy
 93459 | Tomb:3   | Killed a royal mummy
 93465 | Tomb:3   | Found the +8 frozen axe "Frostbite" {freeze, freezing
                  | cloud, *Noise Fly rC+}
 93481 | Tomb:3   | Identified the +2 leather armour of Qog Tuexog {rF++ Int+3}
 93516 | Tomb:3   | Killed a royal mummy
 93525 | Tomb:3   | HP: 11/250 [death scarab[a royal mummy] (8)]
 93539 | Tomb:3   | Noticed a royal mummy
 93576 | Tomb:3   | Noticed a royal mummy
 93599 | Tomb:3   | Killed a royal mummy
 93606 | Tomb:3   | Killed a royal mummy
 93611 | Tomb:3   | Killed a royal mummy
 93616 | Tomb:3   | Killed a royal mummy
 93880 | Tomb:3   | Got the Precepts of Hyperthermia and Nonlocality
 93882 | Tomb:3   | Identified the +1 leather armour of Xagam {Str-3 Int+3
                  | Stlth+}
 93907 | Tomb:3   | Identified the ring "Addas" {+Blink rCorr AC+4}
 93912 | Tomb:3   | Identified the ring "Keiskufu" {Fire +Blink Will- Str-4
                  | Stlth+}
 93925 | Tomb:3   | Identified the +2 robe "Najyil" {rElec rF+}
 93941 | Tomb:3   | Identified the ring "Aqimaida" {rPois Int+2 SInv}
 94007 | Tomb:3   | Identified the +8 quarterstaff of the Bright God {drain,
                  | *Rage Dex+5}
 94025 | Tomb:3   | Identified the +1 great sword of the Dungeon {flame, *Noise
                  | Dex+4}
 94206 | Tomb:3   | Got a golden rune of Zot
 94767 | Zot:1    | Entered Level 1 of the Realm of Zot
 95457 | Zot:2    | Noticed an orb of fire
 95469 | Zot:2    | Killed an orb of fire
 95508 | Zot:2    | Noticed Vv
 95519 | Zot:2    | Killed Vv
 95535 | Zot:2    | Identified the +3 ring mail "Qiobergho" {rF+ rN+ Int+3
                  | SInv}
 95611 | Zot:2    | Noticed an orb of fire
 95624 | Zot:2    | Killed an orb of fire
 96253 | Zot:3    | Reached skill level 27 in Dodging
 96786 | Zot:3    | Found a transporter.
 96788 | Zot:3    | Found a transporter.
 96791 | Zot:3    | Found a transporter.
 96792 | Zot:3    | Found a transporter.
 97249 | Zot:3    | Found the +4 dragonskin cloak
 97249 | Zot:3    | Noticed Tiamat
 97307 | Zot:3    | Killed Tiamat
 97690 | Zot:4    | Noticed an orb of fire
 97839 | Zot:4    | Noticed an orb of fire
 97968 | Zot:4    | Found a transporter.
 97968 | Zot:4    | Found a transporter.
 97974 | Zot:4    | Identified the ring "Nid Ubra" {rN++ Str+6 Int-2}
 97989 | Zot:4    | Noticed an ancient lich
 98100 | Zot:5    | Entered Level 5 of the Realm of Zot
 98619 | Zot:5    | Noticed an orb of fire
 98619 | Zot:5    | Noticed an orb of fire
 98625 | Zot:5    | Killed an orb of fire
 98633 | Zot:5    | Noticed an ancient lich
 98907 | Zot:5    | Noticed an ancient lich
 98919 | Zot:5    | Killed an ancient lich
 99002 | Zot:5    | Noticed an orb of fire
 99012 | Zot:5    | Killed an orb of fire
 99062 | Zot:5    | Noticed a dread lich
 99076 | Zot:5    | Killed an orb of fire
 99203 | Zot:5    | Got the Orb of Zot
 99253 | Zot:5    | Killed a dread lich
 99592 | D:15     | Noticed Gev Baud the pandemonium lord
 99893 | D:$      | Escaped with the Orb!

Illustrated notes

Levels and vault maps discovered:
D:1:      ncdulo_watergridlock, layout_basic, chequers_serial_rivers_micro_e
D:2:      layout_rooms, serial_undead, serial_undead_a, serial_undead_b,
          serial_undead_f, serial_undead_d, serial_undead_e, serial_undead_a,
          serial_undead_e, serial_undead_e, serial_shops,
          nicolae_shop_temple_entry_statues_fountains, basic_altar,
          grunt_decor_mini_mirrors, kennysheep_small_spiral, uniq_robin,
          uniq_jessica, uniq_natasha
D:3:      layout_basic, nicolae_ru_great_annihilating_truth
D:4:      layout_basic, lemuel_crystal_altar, mainiacjoe_overflow_brackets,
          uniq_eustachio
D:5:      layout_loops_ring, nicolae_ossuary_entry_catacombs
D:6:      layout_cave_pods, mainiacjoe_overflow_paths, nicolae_wooded_promenade
D:7:      layout_cave_pools, minmay_temple_entry_gardened_gates, uniq_maurice,
          uniq_joseph, uniq_prince_ribbit1
D:8:      layout_basic
D:9:      layout_roguey, tgw_xom, gammafunk_temple_overflow_pools,
          lair_entry_dummy, minmay_orc_entry_temple_large, serial_shops,
          nicolae_stop_n_shop_1, uniq_jeremiah
D:10:     layout_roguey, mainiacjoe_overflow_tiny_flanked,
          mainiacjoe_overflow_24_doors
D:11:     layout_irregular_city, serial_rivers, chequers_serial_rivers_small_a,
          chequers_serial_rivers_small_b, chequers_serial_rivers_large_b,
          chequers_serial_rivers_room_a, feat_on_display, uniq_fannar
D:12:     layout_basic, guppyfry_shop_venom
D:13:     layout_roguey, grunt_vaults_entry_fortified
D:14:     layout_loops_ring, nicolae_sif_muna_condensation
D:15:     grunt_enter_depths_giant_problem, layout_basic,
          nemelex_diamond_rough_becter, ebering_ghost_funeral_grove,
          serial_park_tiny_1
Lair:1:   layout_small_grid, basic_altar, ebering_ghost_rock_garden,
          chequers_serial_rivers_micro_d, grunt_megastairs_3, uniq_gastronok
Lair:2:   layout_regular_city, bh_autumn_forest_stairs, grunt_megastairs_5,
          serial_bayou_shore_b, uniq_amaemon
Lair:3:   layout_small_grid, elwin_shoals_entry_rocks, dummy_snake_entry,
          lemuel_fruit_tree, infiniplex_staircase_pool, grunt_megastairs_2,
          serial_bayou_shore_b
Lair:4:   layout_loops_ring, slime_entry_2, uniq_kirke, uniq_urug
Lair:5:   hangedman_lair_in_review, layout_cave_shapes
Shoals:1: nicolae_shoals_aurelia_aurita, layout_shoals, serial_shops, shop,
          shop, nicolae_shop_tiny_statue_garden, shop, shop
Shoals:2: layout_shoals, nicolae_shoals_kraken_intersection, uniq_polyphemus
Shoals:3: layout_shoals
Shoals:4: shoals_end_grunt_ice, layout_shoals, serial_shops,
          nicolae_shop_tiny_glass, shop, shop, nicolae_shop_just_a_little_nook,
          shop
Snake:1:  layout_rooms, minmay_shoptagon
Snake:2:  layout_gridlike, ebering_ghost_gozag
Snake:3:  layout_misc_corridors, serial_shops, nicolae_shop_back_alley_shop,
          nicolae_snake_storage_room, serial_bayou_shore_a, uniq_aizul
Snake:4:  grunt_snake_rune_pools, layout_onion_interference,
          nicolae_snake_dead_anacondas, minmay_shop_grove, uniq_asterion,
          uniq_donald, uniq_vashnia, uniq_nikola
Slime:1:  layout_caves
Slime:2:  layout_caves
Slime:3:  layout_caves
Slime:4:  layout_caves
Slime:5:  slime_pit_nicolae_amoeboid
Orc:1:    layout_diamond_mine, mines2_david
Orc:2:    grunt_orc_community_town_hall, layout_caves,
          grunt_orc_community_big_house_1, grunt_orc_community_big_house_2,
          grunt_orc_community_house_2, grunt_orc_community_house_3,
          grunt_orc_community_house_2, grunt_orc_community_house_1,
          grunt_orc_community_house_2, grunt_orc_community_house_2,
          serial_shops, nicolae_shop_industrial_runoff,
          portal_ice_cave_entry_pillars_1, einodemon_armed_red_devil_minivault
Elf:1:    eino_elf_arrival_the_gate, layout_geoelf_octagon, serial_shops, shop,
          nicolae_shop_behind_doors, basic_altar, hangedman_elf_disciples
Elf:2:    nicolae_elf_blades_crystal_corner, layout_loops_ring,
          mu_enter_wizlab_7
Elf:3:    minmay_elf_hall_furrowed, layout_gridlike,
          gammafunk_ghost_berserking_beasts
Vaults:1: nicolae_vaults_prndl, nicolae_vaults_double_plus_1,
          nicolae_vaults_network_periphery,
          nicolae_vaults_offset_grid_hallway_1, vaults_room_semicircle,
          nicolae_vaults_heart-shaped_vault, vaults_room_grunt_arrival_ludios,
          vaults_dpeg_ring, layout_vaults_omnigrid
Vaults:2: minmay_crypt_entry_simple_walls, grunt_vaults_diagonal,
          nicolae_vaults_hexular_roomagon, nicolae_vaults_display_case,
          nicolae_vaults_house_1, v_misc_25, v_pattern_3, v_misc_31,
          ontoclasm_vaults_twist, ontoclasm_vaults_decontamination,
          nicolae_vaults_little_squares_3, ontoclasm_vaults_fault,
          layout_vaults_omnibox
Vaults:3: v_alt_pattern_1, nicolae_vaults_what_the_h, dpeg_vaults_monster_row,
          nicolae_vaults_angled_halls, nicolae_vaults_little_squares_6,
          vaults_room_grid, ontoclasm_vaults_shuriken,
          nicolae_vaults_doubleplus_tesselated, nicolae_vaults_hallways_thing,
          v_misc_26, nicolae_vaults_taking_the_gang_shopping,
          nicolae_vaults_security_offices_2, nicolae_vaults_diagonal_hallway_9,
          hangedman_vaults_nails, nicolae_vaults_tangram_1, v_misc_23,
          layout_vaults_maze
Vaults:4: vaults_room_grid, v_misc_11, v_rooms_1, hangedman_vaults_trim,
          nicolae_vaults_tetromino_L_2, v_misc_4, st_cross,
          vaults_room_semicircle, layout_vaults_chaotic_city, uniq_boris
Vaults:5: serial_shops, uniq_xtahua, uniq_margery
Crypt:1:  layout_basic, nicolae_crypt_soggy_tomb, grunt_ministairs_4,
          small_statue_intersection, lemuel_hellish_altar
Crypt:2:  layout_misc_corridors
Crypt:3:  david_glass_crypt, layout_basic, st_stairs_2
Tomb:1
Tomb:2
Tomb:3
Depths:1: layout_gridlike, serial_library_regret_index_multi,
          gammafunk_ghost_wrathful_warriors, hellmouth_1, nicolae_danse_macabre,
          uniq_mara
Depths:2: minmay_glassy_protrusions, layout_cave_shapes, minmay_parallelograms,
          hell_entry, rand_demon_pan_entry_8
Depths:3: nzn_winding_woodlands_small [nzn_winding_woodlands_5x15_garden,
          nzn_winding_woodlands_center_pierced_h,
          nzn_winding_woodlands_5x15_crooked], layout_cave_pools,
          enter_ziggurat_b, serial_column_ruins, column_ruins_hut_water,
          column_ruins_open_medium, column_ruins_corridor_plus,
          column_ruins_grid_3, column_ruins_open_tiny,
          column_ruins_columns_dead_end, column_ruins_grid_1,
          rand_demon_pan_entry_7, hell_entry, abyss_entry_crystal,
          hangedman_decor_push, ebering_ghost_reflecting_pool,
          infiniplex_staircase_zigzag_5, uniq_mennas
Depths:4: grunt_twist_and_shout, layout_honeycomb, hell_entry,
          minmay_misc_feat_ornament, elyvilon_altar_4, uniq_parghit,
          uniq_sojobo, uniq_frederick
Hell
Dis:1:    layout_subdivisions
Dis:2:    layout_gridville
Dis:3:    layout_gridville
Dis:4:    layout_regular_city, evilmike_ambush [evilmike_ambush_outer_pillars,
          evilmike_ambush_inner_basic]
Dis:6:    layout_gridville
Dis:7:    dis_hangedman
Geh:1:    layout_gehenna_pools_triple
Geh:2:    layout_gehenna_lava_caves
Geh:3:    layout_gehenna_pools_box, nicolae_geh_single_fiery_grave
Geh:4:    layout_gehenna_pools_box
Geh:5:    layout_gehenna_pools_triple
Geh:6:    layout_gehenna_pools_box
Geh:7:    geh_grunt_pentagon
Coc:1:    layout_cocytus_water_paths
Coc:2:    nooodl_cocytus_jagged_cave
Coc:3:    nicolae_coc_three_mouths, layout_cocytus_delve
Coc:4:    layout_ice_bergs, nicolae_hells_leichenhalle
Coc:5:    layout_cocytus_water_paths
Coc:6:    layout_ice_bergs
Coc:7:    coc_grunt_cove [coc_grunt_cove_antaeus, coc_grunt_cove_fiend,
          coc_grunt_cove_fiend, coc_grunt_cove_fiend, coc_grunt_cove_fiend]
Tar:1:    layout_honeycomb
Tar:2:    nicolae_tar_tart_auras, layout_cathedral_of_symmetry,
          nicolae_tar_cuneiform_bird
Tar:3:    layout_grid_maze
Tar:4:    layout_honeycomb
Tar:5:    nicolae_hells_demon_pit, layout_cathedral_of_symmetry
Tar:6:    layout_grid_maze
Tar:7:    tar_minmay_river
Zot:1:    layout_misc_corridors, st_stairs_14, skrybe_zot_glass_3
Zot:2:    layout_onion_interference, skrybe_zot_glass_1, uniq_vv
Zot:3:    cheibrodos_zot_enchanting_chambers, layout_basic, drop_trap,
          st_stairs_12, nicolae_diode_quadrants, uniq_tiamat
Zot:4:    gammafunk_the_bubble [the_bubble_gammafunk_plus_minus],
          layout_gridlike, nrook_zot_tub
Zot:5:    layout_basic, grunt_ministairs_10, st_stairs_13

Skill      XL: |  1  2  3  4  5  6  7  8  9 10 11 12 13 14 15 16 17 18 19 20 21 22 23 24 25 26 27 |
---------------+----------------------------------------------------------------------------------+-----
Unarmed Combat | 5 6 7 8 10 12 14 16 18 20 22 23 25 27 | 27.0
Armour         | 5 7 8 10 12 13 15 16 17 18 19 27 | 27.0
Fighting       | 7 10 12 13 14 15 16 18 19 20 21 22 23 24 27 | 27.0
Shields        | 5 6 8 10 11 13 14 18 19 20 27 | 27.0
Dodging        | 6 8 10 11 13 14 15 27 | 27.0
Spellcasting   | 4 24 | 24.3

Action                     |  1- 3 |  4- 6 |  7- 9 | 10-12 | 13-15 | 16-18 | 19-21 | 22-24 | 25-27 || total
---------------------------+-------+-------+-------+-------+-------+-------+-------+-------+-------++-------
  Melee: Unarmed           |    64 |   126 |   354 |   638 |  1198 |  1469 |  1485 |  1645 |  8181 || 15160
 Invoke: Sacrifice Artific |       |     1 |       |       |       |       |       |       |       ||     1
         Sacrifice Stealth |       |       |     1 |       |       |       |       |       |       ||     1
         Sacrifice Love    |       |       |     1 |       |       |       |       |       |       ||     1
         Draw Out Power    |       |       |       |     1 |       |     1 |     1 |     2 |    32 ||    37
         Power Leap        |       |       |       |     1 |     4 |     4 |       |     1 |     4 ||    14
         Sacrifice Purity  |       |       |       |     1 |       |       |       |       |       ||     1
         Sacrifice Essence |       |       |       |     1 |     1 |       |       |       |       ||     2
         Apocalypse        |       |       |       |       |     3 |     3 |     1 |       |    19 ||    26
         Sacrifice Arcana  |       |       |       |       |     1 |       |       |       |       ||     1
    Use: Potion            |       |     1 |     3 |     2 |     2 |     1 |       |     2 |    33 ||    44
         Scroll            |       |       |     9 |    15 |     8 |     1 |     1 |     1 |    37 ||    72
   Stab: Paralysed         |       |     1 |       |       |     3 |    12 |     2 |     2 |    53 ||    73
         Distracted        |       |       |     1 |     3 |     4 |    20 |     5 |     9 |    32 ||    74
         Invisible         |       |       |     3 |     4 |    16 |    13 |     5 |     5 |    20 ||    66
         Petrified         |       |       |       |       |       |     2 |       |       |     2 ||     4
         Held in net/web   |       |       |       |       |       |       |       |       |     1 ||     1
         Petrifying        |       |       |       |       |       |       |       |       |     2 ||     2
 Armour: Robe              |    37 |    63 |     9 |       |       |       |       |       |       ||   109
         Chain mail        |       |       |   235 |   234 |       |       |       |       |       ||   469
         Plate armour      |       |       |       |   106 |   587 |   641 |   662 |   176 |       ||  2172
         Gold dragon scale |       |       |       |       |       |       |       |   442 |   440 ||   882
         Crystal plate arm |       |       |       |       |       |       |       |       |  2064 ||  2064
  Dodge: Dodged            |    36 |    69 |   132 |   146 |   173 |   201 |   199 |   148 |  1295 ||  2399
  Block: Buckler           |       |       |       |   187 |   226 |       |       |       |       ||   413
         Reflection        |       |       |       |     2 |    42 |    96 |    32 |    42 |   191 ||   405
         Kite shield       |       |       |       |       |   223 |   961 |   699 |   304 |       ||  2187
         Tower shield      |       |       |       |       |       |       |       |   692 |  8908 ||  9600

Table legend: (Time is in decaauts)
 A = Elapsed time spent in this place.
 B = Non-inter-level travel time spent in this place.
 C = Inter-level travel time spent in this place.
 D = Time resting spent in this place.
 E = Time spent auto-exploring this place.
 F = Levels seen in this place.
 G = Mean time per level.
                   A        B        C        D        E       F      G
               +--------+--------+--------+--------+--------+-----+--------+
         Total |  94284 |  83454 |  10830 |  13176 |  47283 | 115 |  819.9 |
       Dungeon |  18899 |  14409 |   4490 |   1378 |  10707 |  15 | 1259.9 |
          Lair |   7934 |   6766 |   1168 |    597 |   4847 |   5 | 1586.8 |
        Shoals |   4539 |   4083 |    456 |    724 |   2459 |   4 | 1134.8 |
     Snake Pit |   4821 |   4652 |    169 |    819 |   2538 |   4 | 1205.2 |
    Slime Pits |   2246 |   2098 |    148 |     37 |   1239 |   5 |  449.2 |
  Orcish Mines |   1624 |   1242 |    382 |     43 |    700 |   2 |  812.0 |
   Elven Halls |   3169 |   2902 |    267 |    163 |   1884 |   3 | 1056.3 |
        Vaults |   7939 |   7067 |    872 |    873 |   4528 |   5 | 1587.8 |
         Crypt |   3408 |   3074 |    334 |    476 |   1964 |   3 | 1136.0 |
          Tomb |   3379 |   3135 |    244 |    893 |   1185 |   3 | 1126.3 |
        Depths |   7070 |   5841 |   1229 |   1162 |   3502 |   4 | 1767.5 |
          Hell |   1040 |    899 |    141 |    204 |    464 |   1 | 1040.0 |
           Dis |   3085 |   2889 |    196 |   1449 |    754 |   6 |  514.2 |
       Gehenna |   2016 |   1826 |    190 |    571 |    347 |   7 |  288.0 |
       Cocytus |   3140 |   3014 |    126 |    694 |    930 |   7 |  448.6 |
      Tartarus |   1916 |   1802 |    114 |    323 |    373 |   7 |  273.7 |
           Zot |   4206 |   3912 |    294 |    406 |   2246 |   5 |  841.2 |
         Abyss |    966 |    966 |      0 |      0 |    346 |   4 |  241.5 |
   Pandemonium |  10812 |  10812 |      0 |   1952 |   5303 |  22 |  491.5 |
       Ossuary |    451 |    451 |      0 |      0 |    287 |   1 |  451.0 |
      Ice Cave |    895 |    895 |      0 |    267 |    334 |   1 |  895.0 |
        Wizlab |    717 |    717 |      0 |    142 |    341 |   1 |  717.0 |
               +--------+--------+--------+--------+--------+-----+--------+

Top non-repeatable levels by time:
  Lair:1: 2374 daAuts
   Dis:7: 2276 daAuts
Depths:1: 2190 daAuts
Vaults:4: 2170 daAuts
Depths:2: 2160 daAuts
     D:9: 1958 daAuts
    D:13: 1951 daAuts
   Coc:7: 1903 daAuts
 Snake:4: 1898 daAuts
    D:15: 1875 daAuts
     D:6: 1703 daAuts
Vaults:1: 1679 daAuts
  Tomb:1: 1677 daAuts
Vaults:3: 1580 daAuts
  Lair:4: 1572 daAuts
